Map: Submarine LE

Players

Ranger

  • Race: Protoss Protoss
  • Spawn Location: 5:00

Oreo - Winner!

  • Race: Zerg Zerg
  • Spawn Location: 11:00

Event: DreamHack SC2 Masters 2020 Winter

VOD

Have the link to the VOD?

Description

Time

  • Played on: Oct. 10, 2020, 10:16 p.m.
  • Length: 16:04

All games in this series

Show
View Real Time Build Order
Export as new Build Order

Ranger Protoss 

Build Orders: Oracle Opening 

Get SALT Encoding   

  12  0:00  Probe  
  13  0:12  Probe  
  14  0:18  Pylon  
  14  0:24  Probe  
  15  0:37  Gateway  
  15  0:38  Probe (Chrono Boost)  
  16  0:47  Probe (Chrono Boost)  
  17  0:52  Probe (Chrono Boost)  
  17  0:53  Assimilator  
  18  1:04  Probe  
  19  1:12  Gateway  
  19  1:16  Probe  
  20  1:25  Cybernetics Core  
  20  1:27  Zealot  
  22  1:34  Pylon  
  24  2:00  Adept (Chrono Boost)  
  22  2:07  Adept (Chrono Boost)  
  26  2:12  Shield Battery  
  26  2:19  Warp Gate (Chrono Boost)  
  26  2:20  Nexus  
  26  2:30  Probe  
  26  2:34  Assimilator  
  27  2:39  Pylon  
  27  2:44  Probe  
  28  2:57  Probe  
  29  3:10  Probe  
  26  3:13  Stargate  
  26  3:22  Probe (Chrono Boost)  
  27  3:33  Probe (Chrono Boost)  
  29  3:40  Probe (Chrono Boost)  
  29  3:43  Probe (Chrono Boost)  
  29  3:47  Probe (Chrono Boost)  
  31  3:49  Probe  
  31  3:51  Gateway  
  31  3:52  Adept  
  31  3:53  Stalker  
  36  3:58  Probe  
  36  3:59  Oracle (Chrono Boost)  
  36  4:01  Probe  
  41  4:10  Probe  
  41  4:13  Pylon, Probe  
  43  4:17  Adept  
  43  4:19  Adept  
  43  4:22  Probe  
  48  4:25  Probe  
  49  4:31  Oracle (Chrono Boost)  
  49  4:34  Probe  
  49  4:35  Pylon  
  49  4:38  Probe  
  48  4:46  Probe  
  48  4:51  Probe  
  50  4:54  Nexus  
  50  4:58  Pylon  
  50  5:06  Oracle (Chrono Boost)  
  51  5:07  Probe  
  51  5:10  Probe  
  52  5:19  Probe  
  53  5:21  Assimilator  
  53  5:22  Probe  
  53  5:25  Assimilator  
  53  5:27  Adept  
  53  5:28  Adept  
  58  5:30  Robotics Facility  
  58  5:31  Shield Battery  
  58  5:32  Probe  
  59  5:36  Probe  
  60  5:44  Probe  
  60  5:48  Stalker  
  60  5:49  Stalker  
  65  5:52  Shield Battery  
  65  5:53  Shield Battery  
  63  6:05  Shield Battery  
  63  6:06  Pylon  
  63  6:13  Adept x2  
  63  6:16  Probe  
  63  6:17  Probe x2  
  66  6:25  Immortal (Chrono Boost)  
  61  6:29  Probe x3  
  68  6:35  Robotics Bay  
  68  6:40  Zealot x2  
  68  6:43  Probe (Chrono Boost)  
  68  6:44  Pylon  
  68  6:45  Probe (Chrono Boost)  
  68  6:46  Probe (Chrono Boost)  
  77  6:54  Probe (Chrono Boost)  
  77  6:55  Probe (Chrono Boost)  
  77  7:05  Zealot x2, Probe  
  80  7:11  Probe  
  80  7:13  Gateway x2  
  79  7:15  Pylon  
  79  7:18  Robotics Facility  
  79  7:20  Colossus (Chrono Boost)  
  79  7:22  Sentry  
  82  7:24  Extended Thermal Lance (Chrono Boost)  
  87  7:31  Forge  
  87  7:36  Assimilator  
  87  7:39  Sentry  
  87  7:40  Zealot  
  87  7:44  Pylon  
  91  7:47  Probe x3  
  91  7:50  Assimilator  
  94  7:52  Zealot  
  96  8:02  Twilight Council  
  96  8:03  Colossus (Chrono Boost)  
  96  8:05  Phoenix  
  96  8:06  Stalker, Sentry  
  96  8:07  Sentry  
  96  8:11  Stalker  
  110  8:15  Stalker  
  110  8:17  Protoss Ground Weapons Level 1 (Chrono Boost)  
  112  8:20  Photon Cannon  
  113  8:27  Probe x2  
  114  8:39  Gateway  
  114  8:41  Colossus (Chrono Boost)  
  120  8:42  Gateway  
  120  8:52  Pylon  
  111  8:58  Stalker x3  
  111  8:59  Stalker x2  
  111  9:01  Disruptor  
  112  9:11  Charge (Chrono Boost)  
  112  9:14  Gateway  
  112  9:15  Gateway  
  112  9:22  Zealot x5  
  112  9:33  Probe  
  112  9:35  Probe  
  97  9:40  Disruptor x2  
  97  9:41  Probe  
  99  9:45  Probe  
  99  9:47  Zealot, Probe  
  101  9:53  Probe  
  101  9:57  Probe  
  101  9:59  Probe  
  102  10:03  Zealot x4  
  97  10:07  Zealot  
  97  10:11  Zealot  
  91  10:14  Zealot x2  
  91  10:20  Zealot  
  77  10:26  Zealot x3  
  81  10:34  Zealot x3  
  87  10:45  Cybernetics Core  
  87  10:48  Colossus (Chrono Boost)  
  87  10:49  Disruptor (Chrono Boost)  
  96  10:58  Probe  
  97  11:04  Templar Archives  
  97  11:07  Zealot  
  97  11:08  Zealot x3  
  97  11:10  Probe  
  105  11:14  Pylon  
  105  11:15  Zealot  
  107  11:21  Zealot x2  
  81  11:25  Probe x2 (Chrono Boost)  
  81  11:26  Probe (Chrono Boost)  
  83  11:35  Probe (Chrono Boost)  
  84  11:44  High Templar x8  
  84  11:45  High Templar  
  102  11:49  Archon  
  102  11:50  Archon x3  
  102  11:52  Probe (Chrono Boost)  
  95  11:56  Probe (Chrono Boost)  
  95  11:57  Probe (Chrono Boost)  
  95  12:04  Probe (Chrono Boost)  
  95  12:07  Probe (Chrono Boost)  
  97  12:09  Warp Prism, Probe (Chrono Boost)  
  77  12:37  Zealot x7  
  78  12:51  High Templar x2  
  70  12:59  High Templar x4  
  70  13:01  Archon  
  70  13:03  Zealot, Sentry  
  82  13:06  Archon x2  
  82  13:09  Probe  
  82  13:10  Nexus  
  83  13:15  Probe  
  83  13:22  High Templar  
  83  13:23  High Templar  
  83  13:24  Zealot x2  
  91  13:30  Archon  
  91  13:31  Zealot x2  
  91  13:32  Zealot x3  
  98  13:39  Probe x2  
  91  13:44  Zealot x2  
  89  13:55  High Templar x2  
  88  13:56  High Templar x2  
  88  13:57  Zealot  
  88  13:58  Zealot x2  
  88  14:00  Observer (Chrono Boost)  
  99  14:03  Archon x2  
  99  14:08  Probe  
  99  14:09  Probe  
  101  14:16  High Templar x2  
  105  14:20  Archon, Probe  
  105  14:21  Probe  
  107  14:25  Zealot x5  
  107  14:30  Zealot x2  
  100  14:37  Probe  
  66  14:38  Zealot  
  41  15:07  High Templar x4, Zealot  
  41  15:08  Zealot x2  
  55  15:14  Archon  
  55  15:15  Archon  
  55  15:16  Sentry  
  55  15:17  Zealot  
  59  15:33  Zealot x3  
  65  15:38  Zealot  
  55  15:45  Zealot  
  43  15:50  Zealot  
Show
View Real Time Build Order
Export as new Build Order

Oreo Zerg - Winner!

Build Orders: Pool First 

Get SALT Encoding   

  12  0:00  Drone  
  13  0:12  Overlord  
  13  0:16  Drone  
  13  0:20  Extractor  
  13  0:23  Drone  
  15  0:38  Spawning Pool  
  15  0:40  Drone  
  15  0:44  Drone  
  15  0:48  Drone  
  17  1:09  Hatchery  
  16  1:13  Drone  
  16  1:15  Extractor  
  16  1:24  Zergling x4  
  18  1:28  Zergling x2  
  19  1:34  Queen  
  21  1:41  Overlord  
  21  1:51  Drone  
  22  2:04  Drone  
  23  2:11  Drone  
  23  2:13  Queen  
  26  2:21  Drone  
  27  2:23  Metabolic Boost  
  27  2:27  Zergling x2  
  28  2:33  Zergling x2  
  28  2:34  Drone  
  30  2:47  Hatchery  
  30  2:50  Drone  
  30  2:57  Drone x2  
  32  2:59  Extractor  
  31  3:06  Drone x2  
  31  3:07  Drone  
  31  3:12  Overlord  
  35  3:18  Drone  
  36  3:26  Lair  
  36  3:32  Drone x3  
  36  3:33  Drone  
  40  3:35  Drone  
  41  3:41  Overlord  
  41  3:42  Drone  
  41  3:48  Drone x2  
  44  3:50  Overlord  
  44  3:58  Queen  
  44  4:00  Overlord  
  46  4:05  Spore Crawler  
  46  4:08  Extractor  
  46  4:09  Drone, Spore Crawler  
  44  4:13  Drone  
  44  4:15  Drone  
  46  4:18  Drone  
  46  4:21  Queen  
  46  4:22  Spore Crawler  
  49  4:24  Drone  
  49  4:30  Hydralisk Den  
  48  4:36  Drone x5  
  52  4:39  Drone  
  52  4:44  Overlord  
  53  4:47  Extractor  
  53  4:48  Zergling x6  
  53  4:52  Overlord  
  55  4:54  Zergling x2  
  56  5:05  Hydralisk x3  
  61  5:11  Muscular Augments  
  61  5:13  Hydralisk  
  60  5:15  Zergling x2  
  61  5:22  Hydralisk x2  
  61  5:26  Hydralisk  
  61  5:28  Zergling x2  
  68  5:36  Hydralisk  
  68  5:37  Zergling x2  
  68  5:38  Zergling x6  
  68  5:42  Zergling x6  
  77  5:46  Drone x2  
  77  5:47  Drone  
  80  5:51  Drone x2  
  80  5:55  Drone  
  80  5:57  Overlord  
  82  6:04  Overlord  
  81  6:05  Drone x2, Extractor x2  
  81  6:11  Drone  
  82  6:15  Drone x5  
  82  6:21  Drone x4  
  82  6:23  Drone  
  82  6:24  Drone  
  76  6:25  Drone  
  76  6:27  Drone  
  73  6:35  Overlord  
  73  6:37  Hydralisk x2  
  75  6:41  Hydralisk x2  
  75  6:44  Hydralisk  
  81  6:47  Grooved Spines  
  81  6:49  Hydralisk  
  81  6:52  Hydralisk  
  85  6:59  Hydralisk  
  85  7:00  Hydralisk x2  
  91  7:06  Hydralisk x2  
  92  7:16  Hydralisk x3  
  92  7:19  Hydralisk  
  92  7:20  Hydralisk  
  102  7:23  Drone x2  
  102  7:24  Drone  
  102  7:25  Drone  
  102  7:27  Overlord  
  106  7:31  Overlord  
  106  7:40  Overlord  
  106  7:42  Overlord  
  106  7:46  Hydralisk x4  
  106  7:49  Hydralisk x2  
  118  7:53  Hydralisk x2  
  118  7:58  Overlord  
  121  8:03  Overlord  
  121  8:05  Zergling x10  
  126  8:13  Zergling x14  
  126  8:15  Zergling x4  
  126  8:17  Zergling x2  
  135  8:23  Drone  
  135  8:24  Extractor  
  135  8:26  Hatchery  
  134  8:30  Baneling Nest  
  134  8:31  Zergling x2  
  134  8:32  Evolution Chamber  
  133  8:34  Zergling x6  
  133  8:37  Hydralisk  
  133  8:39  Zergling x4  
  140  8:44  Zergling x6  
  140  8:45  Zergling x4  
  144  8:51  Zergling x8  
  144  8:53  Zergling x2  
  148  8:59  Zergling x2  
  148  9:02  Zergling x10  
  151  9:05  Zergling x6  
  152  9:13  Zergling x2, Centrifical Hooks  
  153  9:21  Zergling x4  
  148  9:26  Zergling x4  
  148  9:30  Zergling x8  
  131  9:40  Zergling x8  
  131  9:44  Zerg Melee Weapons Level 1  
  129  9:48  Zergling x10  
  129  9:50  Zergling x2  
  134  9:53  Zergling x2  
  127  10:01  Zergling x10  
  124  10:08  Zergling x4  
  124  10:09  Zergling x2  
  124  10:10  Zergling x2  
  124  10:12  Zergling x4  
  117  10:14  Zergling x10  
  117  10:16  Zergling x2  
  108  10:24  Zergling x4  
  108  10:27  Hydralisk  
  108  10:28  Hydralisk x4  
  103  10:33  Hydralisk x2  
  103  10:34  Queen  
  106  10:37  Hydralisk  
  106  10:40  Baneling x16, Hatchery  
  106  10:41  Baneling x2  
  106  10:42  Baneling  
  107  10:45  Hydralisk  
  107  10:47  Hydralisk  
  111  10:53  Drone x5  
  111  10:55  Drone  
  111  10:56  Drone  
  118  11:02  Drone x5  
  123  11:05  Drone x2  
  126  11:11  Drone x3  
  126  11:14  Zergling x10  
  110  11:26  Hydralisk x6  
  110  11:29  Hydralisk  
  110  11:31  Zergling x4  
  118  11:35  Zergling x2  
  118  11:36  Zergling x4  
  118  11:39  Zergling x6  
  124  11:46  Zergling x2  
  124  11:47  Zergling x12  
  126  11:52  Zergling x14  
  128  11:57  Extractor  
  128  11:59  Zerg Melee Weapons Level 2  
  128  12:01  Baneling x11  
  125  12:02  Zergling x2  
  125  12:03  Zergling x2  
  127  12:08  Baneling x3  
  127  12:09  Zergling x10  
  127  12:12  Zergling x4  
  127  12:15  Zergling x8  
  138  12:21  Zergling x10  
  141  12:28  Zergling x10  
  141  12:29  Zergling x2  
  116  12:33  Zergling x10  
  116  12:35  Zergling x4  
  115  12:40  Hydralisk x2  
  115  12:43  Hydralisk  
  115  12:44  Hydralisk  
  115  12:50  Extractor, Hydralisk x4  
  116  12:53  Overseer x2  
  116  12:57  Hydralisk  
  118  13:01  Baneling x9  
  118  13:03  Hydralisk  
  118  13:05  Hydralisk  
  122  13:15  Hydralisk x2  
  122  13:19  Hydralisk x2  
  126  13:23  Hydralisk x2  
  126  13:25  Hydralisk  
  136  13:29  Hydralisk  
  136  13:33  Hydralisk  
  136  13:34  Hydralisk  
  137  13:35  Hydralisk  
  137  13:36  Hatchery  
  116  13:44  Zergling x16  
  112  13:50  Zergling x12  
  115  13:58  Hydralisk x3  
  115  13:59  Zergling x2  
  115  14:00  Zergling x2  
  115  14:02  Zergling x4  
  123  14:03  Baneling  
  123  14:04  Baneling x2  
  123  14:08  Baneling  
  123  14:09  Baneling x7  
  123  14:15  Queen  
  125  14:17  Baneling x7  
  125  14:18  Baneling  
  125  14:27  Zergling x16  
  119  14:33  Zergling x8  
  119  14:38  Zergling x8  
  100  14:39  Hydralisk  
  100  14:43  Hydralisk  
  102  14:46  Hydralisk  
  102  14:51  Hydralisk x2  
  103  14:53  Hydralisk  
  103  14:57  Hydralisk  
  105  15:02  Hydralisk x2  
  105  15:04  Hydralisk  
  101  15:09  Hydralisk x2  
  105  15:15  Zergling x2  
  105  15:16  Zergling x8  
  105  15:17  Baneling  
  105  15:19  Zergling x6  
  113  15:23  Zergling x6  
  113  15:26  Zergling x6  
  113  15:28  Zergling x2  
  120  15:30  Zergling x4  
  120  15:31  Zergling x2  
  120  15:32  Zergling x2  
  120  15:33  Zergling x2  
  125  15:41  Zergling x16  
  116  15:45  Zergling x8  
  116  15:47  Zergling x2  
Tags
 
Add a new tag
Caveats
  • Supply blocks, unpowered buildings, or Contaminate may cause inaccurate times.
  • Supply counts are checked every 10 seconds.